Map: [TLMC20] Sandwyrm

Players

BabyMarine

  • Race: Terran Terran
  • Spawn Location: 1:00

SKillous - Winner!

  • Race: Protoss Protoss
  • League: Grandmaster
  • Spawn Location: 7:00

VOD

Have the link to the VOD?

Description

Time

  • Played on: June 19, 2025, 9:20 a.m.
  • Length: 19:41
Show
View Real Time Build Order
Export as new Build Order

BabyMarine Terran 

Build Orders: Liberator Opening 

Get SALT Encoding   

  12  0:00  SCV  
  13  0:12  SCV  
  14  0:18  Supply Depot  
  14  0:25  SCV  
  15  0:39  SCV  
  15  0:41  Barracks  
  16  0:44  Refinery  
  16  0:52  SCV  
  16  0:53  Refinery  
  17  1:04  SCV  
  18  1:17  SCV  
  19  1:28  Reaper  
  19  1:29  Orbital Command, Supply Depot  
  20  1:43  Factory  
  20  1:55  SCV  
  21  2:01  Barracks Reactor  
  21  2:07  SCV  
  22  2:20  Command Center  
  22  2:22  SCV  
  23  2:27  Widow Mine  
  25  2:36  Starport  
  25  2:37  SCV  
  25  2:43  Supply Depot  
  26  2:45  Marine  
  26  2:47  Marine  
  28  2:53  Hellion  
  28  2:56  SCV  
  31  3:04  Marine  
  31  3:05  Marine  
  33  3:11  SCV  
  33  3:12  Medivac  
  36  3:15  Factory Tech Lab  
  36  3:22  Marine  
  36  3:23  SCV, Marine  
  39  3:33  Orbital Command  
  39  3:37  Siege Tank  
  39  3:40  SCV  
  43  3:51  Marine x2  
  43  3:52  Liberator  
  43  3:54  SCV  
  49  3:57  Supply Depot  
  49  4:04  SCV  
  49  4:07  SCV  
  51  4:12  Siege Tank  
  54  4:19  SCV x2, Marine x2  
  57  4:31  SCV  
  57  4:37  Starport Tech Lab  
  57  4:39  Marine x2  
  57  4:40  Barracks, SCV  
  57  4:43  Barracks, SCV  
  61  4:46  Refinery, Engineering Bay  
  61  5:01  SCV  
  61  5:03  Supply Depot x2  
  61  5:05  Supply Depot  
  61  5:06  SCV, Siege Tank  
  66  5:12  Terran Infantry Weapons Level 1  
  63  5:14  Marine  
  63  5:15  Marine  
  63  5:18  SCV  
  63  5:21  SCV  
  67  5:30  SCV  
  67  5:34  SCV  
  69  5:37  Starport Reactor  
  67  5:43  SCV  
  67  5:45  Marine x2  
  67  5:46  Stimpack, Marine  
  67  5:49  SCV  
  65  5:52  Marine, Combat Shield  
  65  5:55  Factory Reactor  
  59  5:57  SCV  
  59  6:01  SCV  
  59  6:02  Supply Depot  
  59  6:03  Bunker  
  61  6:04  Barracks  
  61  6:06  Barracks  
  61  6:08  Marauder  
  61  6:09  Marine  
  61  6:11  Marine  
  64  6:17  Medivac  
  64  6:18  Marauder  
  69  6:21  Medivac  
  69  6:23  SCV x2  
  73  6:27  Marine  
  73  6:29  Marine  
  73  6:30  Supply Depot  
  73  6:31  Marauder  
  77  6:36  Supply Depot, Widow Mine  
  77  6:39  Marauder  
  81  6:46  Refinery  
  81  6:47  Marine x2  
  81  6:53  Marauder  
  81  6:54  Barracks Tech Lab, Barracks Reactor  
  85  6:59  Widow Mine x2  
  89  7:01  Supply Depot  
  89  7:06  Terran Infantry Armor Level 1  
  89  7:10  Marauder, Marine x2  
  89  7:11  Concussive Shells  
  97  7:15  Marauder  
  97  7:16  Marauder  
  97  7:18  Medivac  
  99  7:25  Widow Mine x2  
  99  7:29  Marine x2  
  105  7:30  Marine x2  
  105  7:33  Supply Depot  
  105  7:34  Medivac  
  105  7:35  Supply Depot  
  106  7:51  Marauder x3, Marine x3  
  104  7:56  Viking  
  109  8:04  Viking  
  108  8:18  Marauder  
  108  8:19  Marauder x2  
  114  8:22  Marine x2  
  114  8:23  Marine  
  117  8:30  Command Center  
  117  8:31  Viking  
  119  8:35  Viking  
  119  8:40  Marauder x2  
  125  8:43  Marauder, Marine x3  
  125  8:44  Marine  
  131  9:01  Marauder x2, Marine x3  
  138  9:05  Marauder  
  140  9:11  Viking  
  142  9:39  Marauder x2, Marine x2, Viking  
  142  9:41  Viking  
  142  9:45  Marine x2  
  153  9:46  Marauder  
  153  9:51  SCV  
  152  9:54  SCV  
  152  9:59  Marine x2  
  147  10:01  Marauder x2  
  147  10:03  Marine x2  
  147  10:05  Widow Mine x2  
  157  10:09  Viking  
  157  10:10  Orbital Command  
  157  10:12  Marauder  
  157  10:13  Orbital Command  
  161  10:17  SCV x2  
  161  10:22  Marauder  
  161  10:25  Orbital Command  
  163  10:31  Marauder  
  165  10:49  Marauder, Marine x2  
  165  10:50  Marine  
  165  10:51  Marauder  
  165  10:52  Marauder, Marine  
  165  10:55  Viking x2  
  156  11:03  Supply Depot  
  156  11:04  Supply Depot  
  156  11:07  Marine x2  
  156  11:11  Marauder  
  155  11:12  Marauder, Marine x2  
  155  11:13  Widow Mine x2  
  163  11:19  Ghost Academy  
  163  11:20  Supply Depot  
  163  11:25  Viking x2  
  163  11:38  SCV  
  164  11:40  Marauder x2, Marine x3  
  164  11:41  Marauder  
  164  11:42  SCV  
  164  11:44  SCV  
  153  11:50  Marine  
  101  11:58  Marine x2  
  101  11:59  SCV  
  92  12:01  Marine  
  92  12:03  SCV  
  92  12:08  Marine x2  
  85  12:10  Marine  
  85  12:12  SCV  
  85  12:14  SCV  
  87  12:15  Marine  
  87  12:19  SCV  
  87  12:22  Marine  
  90  12:24  SCV, Marine  
  90  12:26  SCV  
  90  12:27  Marine  
  94  12:31  SCV  
  94  12:34  Marauder, Marine x2  
  94  12:36  SCV  
  100  12:38  Widow Mine  
  100  12:40  SCV  
  100  12:43  SCV  
  104  12:47  Widow Mine  
  110  12:51  SCV  
  110  13:00  Widow Mine  
  110  13:02  Viking  
  110  13:03  Marine x2  
  110  13:04  Marauder x2, SCV  
  109  13:12  SCV x2, Marine x2  
  98  13:17  Widow Mine  
  98  13:18  Unknown, Marauder  
  102  13:20  Armory  
  102  13:21  Widow Mine  
  102  13:25  Marauder  
  106  13:31  Marine  
  106  13:32  Marauder, Marine x3  
  110  13:37  SCV x2  
  110  13:40  Marauder, SCV  
  115  13:47  Marauder  
  117  13:49  Marine  
  117  13:50  Marine x2  
  117  13:53  Marauder  
  117  13:54  Marine  
  121  14:01  Marauder  
  121  14:07  Marine  
  121  14:08  Marauder, Marine x2  
  113  14:10  SCV  
  113  14:15  Marauder  
  115  14:22  Marauder  
  115  14:23  Marine  
  116  14:25  Marine  
  116  14:30  Terran Infantry Weapons Level 2  
  119  14:32  Engineering Bay  
  122  14:50  Marine  
  122  14:51  Marauder, Command Center  
  125  14:57  SCV x3  
  125  14:58  Unknown  
  128  15:02  Terran Infantry Armor Level 2  
  128  15:04  Unknown  
  128  15:20  Orbital Command, Widow Mine x2  
  138  15:21  Marauder x3  
  138  15:42  Marauder, Marine x4, Viking x2  
  146  15:52  Missile Turret  
  146  15:54  Marauder x2  
  146  15:56  Widow Mine  
  152  15:58  Widow Mine  
  152  16:04  Marauder  
  154  16:17  Marine x2  
  154  16:18  Marauder x2, Marine  
  153  16:25  Marauder  
  148  16:26  Viking x2  
  148  16:30  Marine  
  152  16:35  Marine  
  152  16:37  Marine x2  
  152  16:39  Marauder  
  151  16:42  Barracks  
  151  16:43  Barracks  
  151  16:46  Marauder  
  153  16:48  SCV x2  
  153  16:49  SCV  
  153  16:50  Refinery  
  153  16:53  Refinery  
  156  16:56  Widow Mine x2  
  158  17:05  Starport, Planetary Fortress  
  158  17:07  SCV x3  
  158  17:08  Unknown  
  164  17:13  Viking  
  164  17:15  Viking  
  168  17:23  Refinery x2  
  168  17:25  SCV x3  
  171  17:30  Unknown  
  171  17:31  Barracks Tech Lab x2  
  175  17:51  Viking x2  
  177  18:04  SCV  
  174  18:08  Unknown x2  
  172  18:16  Marauder, Marine x3  
  172  18:17  Marauder x2  
  156  18:23  Marauder x2, Marine  
  111  18:34  Marine x3  
  102  18:37  Marine x2  
  102  18:38  Marauder  
  102  18:41  Marine  
  106  18:44  Marine  
  106  18:45  Marauder  
  102  18:52  Orbital Command, Marine x3  
  104  18:56  Marauder x2  
  104  19:00  Refinery x2  
  111  19:03  SCV x2  
  111  19:05  Marauder, Marine  
  116  19:11  Marauder, Marine x3  
  113  19:17  Marauder  
  113  19:21  Marine  
  113  19:23  Marine  
  87  19:27  Unknown  
Show
View Real Time Build Order
Export as new Build Order

SKillous Protoss - Winner!

Build Orders: 1 Gate Expand 

Get SALT Encoding   

  12  0:00  Probe  
  13  0:12  Probe  
  14  0:18  Pylon  
  14  0:24  Probe  
  15  0:32  Probe  
  15  0:37  Gateway  
  15  0:40  Probe  
  16  0:46  Assimilator  
  17  0:52  Probe  
  18  1:04  Probe  
  19  1:16  Probe  
  20  1:25  Cybernetics Core  
  20  1:34  Nexus  
  20  1:40  Pylon  
  20  1:44  Probe  
  21  1:49  Assimilator  
  21  1:50  Stalker  
  21  1:56  Probe  
  22  2:03  Warp Gate  
  22  2:08  Probe  
  25  2:18  Sentry  
  25  2:20  Probe  
  28  2:30  Shield Battery  
  28  2:32  Probe  
  29  2:39  Twilight Council  
  29  2:43  Probe  
  29  2:44  Stalker  
  29  2:46  Probe  
  29  2:51  Probe  
  33  2:58  Probe  
  35  3:01  Probe  
  35  3:05  Gateway  
  36  3:10  Probe x2  
  37  3:14  Stalker  
  37  3:19  Probe  
  40  3:20  Charge  
  40  3:22  Probe  
  42  3:28  Probe  
  43  3:34  Probe  
  44  3:45  Nexus  
  44  3:49  Pylon  
  44  3:53  Probe  
  44  3:55  Probe  
  45  4:02  Pylon  
  46  4:06  Probe  
  46  4:07  Probe  
  46  4:08  Stalker x2  
  52  4:17  Probe  
  52  4:19  Probe  
  52  4:21  Robotics Facility  
  54  4:25  Assimilator  
  54  4:29  Probe  
  54  4:30  Probe  
  47  4:37  Probe  
  47  4:42  Probe  
  49  4:46  Probe  
  49  4:50  Probe  
  50  4:58  Probe x2  
  50  4:59  Gateway  
  52  5:00  Gateway x2  
  52  5:02  Zealot, Gateway  
  52  5:05  Zealot  
  52  5:06  Immortal  
  57  5:12  Probe  
  58  5:18  Probe  
  58  5:19  Probe  
  64  5:24  Probe  
  64  5:27  Zealot  
  64  5:28  Zealot  
  69  5:31  Probe  
  70  5:37  Probe  
  67  5:54  Nexus  
  67  5:56  Pylon  
  64  6:03  Robotics Bay  
  64  6:07  Pylon  
  64  6:12  Probe  
  64  6:14  Probe  
  66  6:20  Pylon  
  66  6:21  Observer  
  66  6:23  Blink  
  66  6:24  Probe  
  67  6:27  Probe  
  67  6:29  Zealot x3  
  75  6:33  Probe  
  75  6:35  Colossus  
  75  6:37  Pylon  
  76  6:41  Probe  
  76  6:43  Probe  
  78  6:51  Extended Thermal Lance  
  78  6:52  Observer  
  84  6:55  Probe  
  84  6:59  Shield Battery  
  84  7:00  Probe  
  86  7:02  Phoenix  
  86  7:04  Stalker x2  
  86  7:07  Probe  
  91  7:09  Probe  
  91  7:13  Pylon  
  91  7:15  Probe  
  93  7:17  Shield Battery  
  93  7:20  Stalker, Sentry  
  98  7:27  Colossus  
  98  7:33  Zealot x3  
  106  7:47  Stalker x3  
  100  7:53  Probe  
  100  7:55  Stalker x2  
  100  7:57  Probe  
  103  7:58  Probe  
  103  8:03  Zealot  
  104  8:08  Probe x2  
  104  8:12  Probe  
  107  8:16  Probe x2  
  107  8:20  Colossus  
  107  8:24  Probe  
  107  8:26  Probe  
  116  8:33  Pylon  
  117  8:36  Pylon  
  117  8:39  Pylon  
  117  8:51  Probe x2  
  117  8:52  Stalker x3  
  125  8:58  Zealot x3  
  129  9:12  Gateway  
  129  9:14  Gateway  
  129  9:15  Pylon  
  129  9:19  Forge  
  129  9:20  Colossus  
  129  9:21  Pylon  
  129  9:23  Pylon  
  126  9:31  Zealot x2  
  125  9:34  Pylon  
  125  9:35  Zealot  
  125  9:37  Pylon  
  133  9:38  Pylon  
  133  9:41  Shield Battery  
  133  9:46  Shield Battery  
  133  9:48  Zealot x3  
  139  9:57  Protoss Ground Weapons Level 1  
  130  10:02  Nexus  
  130  10:04  Pylon  
  130  10:06  Zealot x2  
  134  10:11  Pylon  
  132  10:31  Zealot x3  
  132  10:32  Zealot x2  
  142  10:45  Zealot  
  135  10:57  Zealot x6  
  119  10:59  Warp Prism  
  131  11:11  Zealot  
  133  11:19  Templar Archives  
  133  11:22  Zealot x4  
  125  11:53  Warp Prism  
  85  11:57  Zealot x4  
  85  11:58  Zealot x3  
  89  12:01  Protoss Ground Weapons Level 2  
  89  12:03  Psionic Storm  
  61  12:27  High Templar  
  61  12:28  Sentry  
  61  12:29  High Templar x2  
  69  12:30  Stalker x3  
  69  12:34  Archon  
  73  12:38  Shield Battery  
  73  12:54  Zealot x4  
  77  13:01  Zealot x2  
  65  13:10  Zealot  
  67  13:14  Zealot x4  
  75  13:25  High Templar x2  
  79  13:37  High Templar  
  79  13:38  Zealot, High Templar x3  
  89  13:43  Archon x2  
  83  13:56  Colossus  
  87  14:19  Zealot x7  
  101  14:28  Shield Battery  
  101  14:29  Shield Battery  
  101  14:31  Pylon  
  97  14:40  High Templar  
  97  14:41  Zealot x6  
  97  14:45  Colossus  
  111  14:57  Protoss Ground Armor Level 1  
  117  15:05  Stalker x3  
  121  15:08  Nexus  
  121  15:09  Pylon  
  121  15:12  Pylon  
  121  15:22  Zealot x3  
  121  15:23  Probe  
  128  15:35  Probe x3  
  130  15:46  Colossus  
  130  15:47  Probe x3  
  133  15:54  Assimilator  
  133  15:57  Assimilator, Shield Battery  
  139  16:04  Stalker  
  139  16:05  Stalker  
  128  16:27  Zealot x6  
  128  16:28  Probe x2  
  140  16:39  Observer  
  139  16:47  Zealot x7  
  151  17:03  Immortal  
  153  17:08  Stalker x4  
  153  17:12  Stalker  
  153  17:14  Stalker  
  165  17:36  Immortal, Zealot x6  
  181  17:53  Zealot  
  159  18:11  Zealot x6  
  171  18:16  Warp Prism  
  147  18:22  Archon  
  147  18:24  Zealot  
  131  18:29  Zealot  
  131  18:31  Nexus  
  131  18:33  Pylon  
  115  18:34  Colossus  
  109  18:44  Zealot x6  
  121  18:53  High Templar  
  129  19:11  Zealot x6  
Tags
 
Add a new tag
Caveats
  • Supply blocks, unpowered buildings, or Contaminate may cause inaccurate times.
  • Supply counts are checked every 10 seconds.